Map: Lightshade LE

Players

HellraiseR

  • Race: Protoss Protoss
  • League: Master
  • Spawn Location: 11:00

Reynor - Winner!

  • Race: Zerg Zerg
  • League: Master
  • Spawn Location: 5:00

Event: DreamHack SC2 Masters 2020 Winter

VOD

Have the link to the VOD?

Description

Time

  • Played on: Oct. 21, 2020, 11:47 a.m.
  • Length: 8:13

All games in this series

Show
View Real Time Build Order
Export as new Build Order

HellraiseR Protoss 

Build Orders: Mass Adepts 

Get SALT Encoding   

  12  0:00  Probe  
  13  0:12  Probe  
  14  0:20  Pylon  
  14  0:24  Probe (Chrono Boost)  
  15  0:38  Gateway  
  15  0:39  Probe (Chrono Boost)  
  16  0:46  Probe (Chrono Boost)  
  16  0:47  Assimilator  
  17  0:53  Probe  
  18  1:05  Probe  
  19  1:13  Forge  
  19  1:17  Probe  
  20  1:25  Cybernetics Core  
  20  1:29  Probe  
  20  1:31  Pylon  
  21  1:46  Photon Cannon  
  21  1:54  Probe  
  22  1:58  Adept (Chrono Boost)  
  22  2:02  Warp Gate  
  22  2:06  Pylon  
  22  2:07  Probe  
  25  2:21  Adept  
  27  2:24  Photon Cannon  
  27  2:32  Photon Cannon  
  27  2:42  Probe  
  28  2:48  Photon Cannon  
  26  2:55  Pylon  
  26  3:00  Gateway  
  26  3:02  Adept (Chrono Boost)  
  28  3:11  Gateway  
  28  3:22  Shield Battery  
  28  3:23  Adept (Chrono Boost)  
  30  3:33  Photon Cannon  
  30  4:08  Adept x2  
  30  4:09  Adept  
  37  4:18  Nexus  
  36  4:26  Probe  
  31  4:43  Adept x3  
  31  4:45  Pylon  
  37  4:47  Probe  
  38  4:59  Probe  
  39  5:05  Adept x2  
  43  5:07  Adept  
  44  5:17  Pylon  
  43  5:22  Twilight Council  
  43  5:33  Adept x2  
  47  5:36  Shield Battery  
  47  5:41  Probe  
  48  5:53  Probe  
  48  5:55  Resonating Glaives (Chrono Boost), Adept  
  48  5:56  Adept  
  49  6:05  Probe x2  
  49  6:09  Adept  
  53  6:18  Adept  
  53  6:19  Adept  
  53  6:23  Probe  
  59  6:35  Adept  
  59  6:40  Adept  
  59  6:44  Probe  
  59  6:46  Probe  
  55  6:49  Assimilator  
  55  6:51  Adept  
  57  6:57  Pylon  
  57  6:59  Pylon  
  56  7:03  Adept x2  
  60  7:10  Probe x2  
  62  7:17  Adept  
  62  7:22  Probe x2  
  58  7:26  Adept x2  
  54  7:34  Probe x2  
  56  7:37  Adept  
  58  7:46  Robotics Facility  
  58  7:49  Zealot  
  58  7:50  Zealot  
  60  7:53  Probe  
  60  7:55  Probe  
  60  7:57  Photon Cannon  
  60  8:05  Stalker  
  59  8:07  Shield Battery  
Show
View Real Time Build Order
Export as new Build Order

Reynor Zerg - Winner!

Build Orders: Pool First 

Get SALT Encoding   

  12  0:00  Drone  
  13  0:12  Overlord  
  13  0:16  Drone  
  14  0:30  Drone x2  
  16  0:41  Spawning Pool  
  15  0:45  Drone  
  15  0:49  Drone  
  17  1:10  Hatchery  
  16  1:14  Drone  
  17  1:28  Zergling x6  
  20  1:39  Zergling x2  
  21  1:46  Hatchery  
  20  1:54  Queen  
  20  2:01  Overlord  
  22  2:06  Extractor  
  22  2:07  Drone  
  23  2:19  Hatchery  
  23  2:20  Drone  
  23  2:22  Drone  
  24  2:30  Queen  
  24  2:33  Drone  
  27  2:45  Drone  
  27  2:54  Drone  
  28  3:07  Hatchery  
  28  3:09  Metabolic Boost  
  27  3:22  Zergling x4  
  31  3:29  Overlord  
  31  3:31  Zergling x2  
  32  3:35  Drone  
  32  3:36  Drone  
  32  3:40  Queen  
  34  3:45  Drone  
  34  3:46  Zergling x2  
  36  3:54  Zergling x2  
  36  3:55  Drone x2  
  39  3:59  Overlord  
  39  4:01  Drone  
  40  4:06  Zergling x2  
  40  4:10  Drone  
  40  4:13  Zergling x2  
  40  4:15  Drone  
  43  4:19  Overlord  
  43  4:27  Zergling x2  
  43  4:28  Zergling x4  
  44  4:32  Queen  
  44  4:35  Zergling x2  
  44  4:37  Drone  
  41  4:46  Zergling x2  
  41  4:47  Drone x3  
  45  4:57  Drone x2  
  47  5:01  Zergling x6  
  47  5:02  Zergling x2  
  51  5:07  Zergling x2  
  51  5:11  Zergling x6  
  54  5:18  Zergling x2  
  54  5:19  Overlord  
  55  5:22  Zergling x2  
  55  5:23  Zergling x4  
  55  5:27  Zergling x4  
  59  5:29  Queen  
  59  5:33  Zergling x2  
  62  5:39  Zergling x8  
  62  5:41  Zergling x4  
  68  5:43  Zergling x2  
  69  5:50  Zergling x2  
  69  5:54  Zergling x2  
  69  5:56  Drone x4  
  74  6:02  Overlord  
  73  6:11  Zergling x2  
  73  6:14  Overlord  
  74  6:20  Roach Warren  
  74  6:22  Zergling x2  
  74  6:23  Drone x2  
  76  6:27  Zergling x2  
  76  6:29  Drone x2, Hatchery  
  76  6:30  Drone  
  77  6:36  Zergling x2  
  77  6:38  Zergling x6  
  73  6:44  Zergling x2  
  65  6:48  Zergling x8  
  65  6:51  Extractor  
  65  6:53  Zergling x8  
  71  6:59  Zergling x2  
  72  7:01  Overlord  
  72  7:03  Roach  
  72  7:08  Roach x2  
  76  7:18  Roach x2  
  64  7:23  Roach x3  
  64  7:24  Roach x3  
  64  7:28  Roach  
  75  7:30  Roach  
  75  7:34  Spore Crawler  
  75  7:35  Spore Crawler  
  73  7:38  Roach  
  73  7:39  Ravager  
  76  7:45  Roach  
  76  7:50  Ravager  
  79  7:55  Drone x7  
  86  7:59  Drone x2  
Tags
 
Add a new tag
Caveats
  • Supply blocks, unpowered buildings, or Contaminate may cause inaccurate times.
  • Supply counts are checked every 10 seconds.